 Dungeon Crawl Stone Soup version 0.31.0-9-g3a7656b989 (webtiles) character file.

Game seed: 14117868975163572713

147 Jase the Ruffian (level 5, 40/40 HPs)
             Began as a Draconian Shapeshifter on Jan 25, 2024.
             Was an Initiate of Ashenzari.
             Quit the game on level 4 of the Dungeon.
             The game lasted 00:04:51 (2758 turns).

Jase the Ruffian (Draconian Shapeshifter)           Turns: 2758, Time: 00:04:51

Health: 40/40      AC:  5    Str: 16    XL:     5   Next: 8%
Magic:  5/5        EV: 12    Int: 11    God:    Ashenzari [......]
Gold:   173        SH:  0    Dex: 12    Spells: 4/4 levels left

rFire   . .          .
                       - Unarmed
rCold   . . .        (no shield)
rNeg    + . .        (body armour unavailable)
rPois   .            (helmet currently unavailable)
rElec   .            (cloak currently unavailable)
rCorr   .            (gloves currently unavailable)
SInv    .            (boots currently unavailable)
Will    .....        (no amulet)
Stlth   +            o - ring of positive energy
HPRegen 0.26/turn    n - ring "I Knew You'd Do That" {Wiz, Cun, Range} (curse)
MPRegen 0.09/turn

%: wizardry (x1)
@: beast-form
A: beast (slay +2), AC +5, unfitting armour, cold-blooded
a: Begin Untransformation, Renounce Religion, Shatter the Chains


You were on level 4 of the Dungeon.
You worshipped Ashenzari.
Ashenzari was noncommittal.
You were a hulking beast.
You visited 1 branch of the dungeon, and saw 4 of its levels.

You collected 173 gold pieces.

Inventory:

Jewellery
 n - the cursed ring "I Knew You'd Do That" (right hand) {Wiz, Cun, Range}
   (You found it on level 3 of the Dungeon)

   [ring of wizardry]

   Wiz:       It improves your spell success rate.
   It has a curse which improves the following skills: Cunning: Dodging and
   Stealth.
   Ranged Combat: Ranged Weapons and Throwing.
 o - a ring of positive energy (left hand)
Talismans
 b - a beast talisman
 c - a flux talisman
 i - a maw talisman
Scrolls
 e - 2 scrolls of identify {unknown}
 f - a scroll of poison {unknown}
 g - 3 scrolls of brand weapon {unknown}
 j - a scroll of enchant weapon {unknown}
 l - a scroll of amnesia {unknown}
Potions
 a - a potion of lignification
 d - 3 potions of haste {unknown}
 h - a potion of curing {unknown}
 k - a potion of might {unknown}
 m - a potion of cancellation {unknown}
 p - a potion of brilliance {unknown}
 q - a potion of attraction {unknown}
 r - a potion of mutation {unknown}


   Skills:
 - Level 1.1 Fighting
 - Level 1.7(2.1) Dodging
 + Level 4.6 Unarmed Combat
 + Level 4.3 Shapeshifting


You had 4 spell levels left.
You didn't know any spells.
Your spell library contained the following spells:

 Spells                   Type           Power      Damage    Failure   Level
 Inner Flame              Hex/Fire       0%         N/A       38%         3
 Plasma Beam              Fire/Air       0%         2x1d10    100%        6
 Animate Armour           Summ/Erth      Unusable   N/A       N/A         4

Dungeon Overview and Level Annotations

Branches:
Dungeon (4/15)
 Temple: D:4-7

Altars:
Ashenzari
Vehumet

Shops:
D:1 =

Annotations:
D:4 1 runed translucent door, Crazy Yiuf


Innate Abilities, Weirdness & Mutations

You are a hulking beast.
Your limbs bulge with bestial killing power. (Slay +2)
Your plain brown scales are hard. (AC +5)
You cannot fit into any form of body armour.
You are cold-blooded and may be slowed by cold attacks.


Message History

Found an escape hatch in the floor.
Found a hammer.
Found a runed translucent door.
Crazy Yiuf shouts!
There is a stone staircase leading up here.
There is an escape hatch in the floor here.
You now have 166 gold pieces (gained 12).
Found a stone staircase leading up.
e - 2 scrolls labelled PAWADE HIRU (gained 1)
Found a stone staircase leading down.
A ball python comes into view.
The ball python hisses angrily.
A quokka comes into view.
A ribbon worm comes into view.
Ashenzari invites you to partake of a vision and a curse of cunning and ranged combat.
You see here 7 gold pieces.
You completely miss the ball python. The ball python closely misses you.
The ball python grabs you. The ball python constricts you.
You barely miss the ball python. You punch the ball python.
You kill the ball python!
You miss the quokka. The quokka barely misses you.
You hit the quokka.
You kill the quokka!
Things that are here:
a quokka corpse; a ball python corpse You hit the ribbon worm.
The ribbon worm is moderately wounded.
The ribbon worm barely misses you.
You hit the ribbon worm.
The ribbon worm is heavily wounded.
The ribbon worm bites you.
You punch the ribbon worm! You tail-slap the ribbon worm.
You kill the ribbon worm!
Things that are here:
a quokka corpse; a ball python corpse You now have 173 gold pieces (gained 7).
Found 15 gold pieces.
There is a stone staircase leading up here.
Your ring of wizardry glows black for a moment.
Unknown command.
Unknown command.
Are you sure you want to abandon this character and quit the game? (Confirm with "yes".)

.....................
.....†.............##
....>.............##
..................#
..................#
..........##......#
#...###...####....#
...# #..## ##...# ..#
##.# #.h.# .. #.#
##..# #.# ##..# #.
#.$# #..# #..# #..#
#..


There were no monsters in sight!

Vanquished Creatures
  A hound (D:3)
  4 adders
  4 ribbon worms
  4 dart slugs
  An orc (D:3)
  A ball python (D:4)
  5 bats
  7 endoplasms
  A giant cockroach (D:1)
  6 goblins
  5 hobgoblins
  2 jackals (D:3)
  3 quokkas
  10 frilled lizards
  4 kobolds
  5 rats
63 creatures vanquished.

Notes
Turn   | Place    | Note
-------+----------+-------------------------------------------
     0 | D:1      | Jase the Draconian Shapeshifter began the quest for the
                  | Orb.
     0 | D:1      | Reached XP level 1. HP: 16/16 MP: 1/1
    28 | D:1      | Found Yqysheom's Jewellery Boutique.
   285 | D:1      | Found a faded altar of an unknown god.
   287 | D:1      | Prayed at the altar of an unknown god.
   287 | D:1      | Became a worshipper of Ashenzari the Shackled
   300 | D:1      | Reached XP level 2. HP: 23/23 MP: 2/2
   953 | D:2      | Reached XP level 3. HP: 25/28 MP: 3/3
  1640 | D:3      | Got the Catalogue of Sizzling Terrain
  1663 | D:3      | Reached XP level 4. HP: 25/35 MP: 4/4
  2188 | D:3      | Found a radiant altar of Vehumet.
  2572 | D:4      | Reached XP level 5. HP: 39/40 MP: 5/5
  2635 | D:4      | Found a runed translucent door.
  2636 | D:4      | Noticed Crazy Yiuf
  2758 | D:4      | Quit the game

Illustrated notes

Levels and vault maps discovered:
D:1:      tarquinn_simple_flora_water_f, layout_basic,
          chequers_ecumenical_altar_twisty, serial_shops,
          nicolae_shop_just_a_little_nook
D:2:      layout_loops_ring, minmay_lizard_king
D:3:      layout_loops_cross, mainiacjoe_overflow_boulevard,
          kennysheep_generic_room_10
D:4:      layout_layer_cave, minmay_temple_entry_statues_fountains,
          serial_glass, glass_columns_a, glass_columns_a, uniq_blork_the_orc,
          uniq_eustachio, uniq_crazy_yiuf_cottage

Skill      XL: |  1  2  3 |
---------------+----------+-----
Unarmed Combat | 4 |  4.6
Shapeshifting  | 4 |  4.3
Fighting       | |  1.1
Dodging        | |  1.7

Action                     |  1- 3 |  4- 6 || total
---------------------------+-------+-------++-------
  Melee: Unarmed           |    98 |    69 ||   167
         Punch             |     4 |     4 ||     8
         Tailslap          |     5 |     7 ||    12
 Invoke: Curse Item        |       |     1 ||     1
   Stab: Sleeping          |       |     1 ||     1
 Armour: Skin              |    54 |    34 ||    88
  Dodge: Dodged            |    60 |    30 ||    90
